AoeStats
← Jonninator

Glade

510457876Analyzed
1v1 RM · 18h ago on Oct 1, 2026· 41m 7s· 2 players
Game mode
Random Map
Map size
Tiny (2 player)
Population
200
Speed
Normal
Resources
Standard
Victory
Conquest
Starting age
Dark Age
Ending age
Imperial Age
RankedLock teamsTeams togetherTeam positionsShared explorationLock speedFull tech treeHidden civsTurbo modeCheats
Victory
Defeat
🇨🇦 Cumans · Canada
1048
+17
🇨🇳 Japanese · China
1059
-17
Jonninator
8:10 Loom
10:19 Feudal Age
15:20 Double-Bit Axe
18:36 Fletching
20:27 Wheelbarrow
25:05 Castle Age
26:11 Scale Barding Armor
26:24 Hand Cart
27:04 Forging
27:17 Town Watch
29:35 Iron Casting
29:59 Bloodlines
33:24 Iron Casting
34:09 Chain Barding Armor
36:55 Imperial Age
34:46 Steppe Husbandry
35:37 Capped Ram
38:45 Blast Furnace
39:45 Plate Barding Armor
38:44 Siege Ram
39:59 Elite Steppe Lancer
paladin
11:04 Feudal Age
11:14 Man-at-Arms
14:42 Loom
19:16 Castle Age
17:09 Fletching
17:34 Double-Bit Axe
18:22 Stone Mining
19:07 Horse Collar
26:37 Pikeman
28:51 Wheelbarrow
29:17 Forging
29:46 Bow Saw
33:16 Iron Casting
33:55 Gold Mining
37:43 Imperial Age
35:16 Scale Mail Armor
36:14 Gold Shaft Mining
36:22 Squires
37:00 Chain Mail Armor
36:53 Heavy Plow
37:52 Hand Cart
Connection lost

Rejoining the realm…

Still unreachable

The connection could not be restored.

Session expired

The server has moved on; the page needs a fresh start.